 Dungeon Crawl Stone Soup version 0.31-a0-626-g8143ab4f1d (webtiles) character file.

Game seed: 10411044117714988815

4 thirtiethelement the Ruffian (level 1, -1/15 HPs)
             Began as a Demonspawn Shapeshifter on Aug 25, 2023.
             Slain by a goblin
             ... wielding a +0 short sword
              (3 damage)
             ... on level 1 of the Dungeon.
             The game lasted 00:00:20 (195 turns).

thirtiethelement the Ruffian (DsSh)                  Turns: 195, Time: 00:00:20

Health: -1/15      AC:  2    Str: 15    XL:     1   Next: 58%
Magic:  1/1        EV: 12    Int:  9    God:
Gold:   0          SH:  0    Dex: 13    Spells: 0/0 levels left

rFire   . .          .
                       - Unarmed
rCold   . . .        (no shield)
rNeg    . . .        a - +0 animal skin
rPois   .            (helmet currently unavailable)
rElec   .            (cloak currently unavailable)
rCorr   .            (gloves currently unavailable)
SInv    .            (boots currently unavailable)
Will    .....        (no amulet)
Stlth   +            (no ring)
HPRegen 0.22/turn    (no ring)
MPRegen 0.07/turn

%: no passive effects
@: beast-form
A: beast (slay +1)
a: Begin Untransformation


You were on level 1 of the Dungeon.
You were a hulking beast.
You visited 1 branch of the dungeon, and saw 1 of its levels.

Inventory:

Armour
 a - a +0 animal skin (worn)
Talismans
 c - a beast talisman (active)
 d - a flux talisman
Scrolls
 e - a scroll of blinking {unknown}
 f - a scroll of noise {unknown}
Potions
 b - a potion of lignification


   Skills:
 + Level 1.0 Fighting
 + Level 1.8 Dodging
 + Level 2.9 Unarmed Combat
 + Level 2.7 Shapeshifting


You couldn't memorise any spells.
You didn't know any spells.
Your spell library was empty.

Dungeon Overview and Level Annotations

Branches:
Dungeon (1/15)

Altars:


Message History

You completely miss the bush.
The bush is lightly damaged.
You hit the bush. You punch the bush.
The bush is lightly damaged.
The goblin hits you but does no damage.
You hit the bush but do no damage.
The bush is lightly damaged.
The goblin hits you with a +0 short sword.
You hit the bush but do no damage. You punch the bush, but do no damage.
The bush is lightly damaged.
The goblin hits you with a +0 short sword.
You hit the bush but do no damage.
The bush is lightly damaged.
The goblin closely misses you.
You hit the bush but do no damage.
The bush is lightly damaged.
The goblin hits you with a +0 short sword.
You hit the bush.
The bush is lightly damaged.
The goblin completely misses you.
You hit the bush but do no damage.
The bush is lightly damaged.
The goblin hits you with a +0 short sword.
* * * LOW HITPOINT WARNING * * *
You hit the bush but do no damage.
The bush is lightly damaged.
The goblin hits you with a +0 short sword.
* * * LOW HITPOINT WARNING * * *
You hit the bush. You punch the bush.
The bush is lightly damaged.
The goblin closely misses you.
You closely miss the goblin. The goblin closely misses you.
Unknown command.
You barely miss the goblin. You punch the goblin.
The goblin is heavily wounded.
The goblin hits you but does no damage.
You barely miss the goblin.
The goblin is heavily wounded.
The goblin hits you with a +0 short sword.
You die...

...... .....
.... ##..#
#... ...
####.# #...
#..†.###.....
#.##.gPP..#
#.##.h♣...#
###..#..P♣..#
##.....).♣♣ #
#....P...♣ P.#
#.P.♣...P♣ ...
#.♣♣♣P.......#
#..♣♣PP#.###.#
##..P.##.# #.#
##.P###.# #.#


You could see a goblin.

Vanquished Creatures
  A dart slug (D:1)
  A goblin (D:1)
  A frilled lizard (D:1)
3 creatures vanquished.

Notes
Turn   | Place    | Note
-------+----------+-------------------------------------------
     0 | D:1      | thirtiethelement the Demonspawn Shapeshifter began the
                  | quest for the Orb.
     0 | D:1      | Reached XP level 1. HP: 15/15 MP: 1/1
   195 | D:1      | Slain by a goblin

Illustrated notes

Levels and vault maps discovered:
D:1:      dpeg_arrival_tiny_k, layout_loops_ring, serial_forest,
          infiniplex_forest_zigzag_1, infiniplex_forest_end_1,
          infiniplex_forest_zigzag_1, infiniplex_forest_lined_room_2,
          infiniplex_forest_clump_double, minivault_11

Action                     || total
---------------------------++-------
  Melee: Unarmed           ||    32
         Punch             ||     4
 Armour: Animal skin       ||     4
  Dodge: Dodged            ||    10

Table legend: (Time is in decaauts)
 A = Elapsed time spent in this place.
 B = Non-inter-level travel time spent in this place.
 C = Inter-level travel time spent in this place.
 D = Time resting spent in this place.
 E = Time spent auto-exploring this place.
 F = Levels seen in this place.
 G = Mean time per level.
                   A        B        C        D        E       F      G
               +--------+--------+--------+--------+--------+-----+--------+
         Total |    193 |    193 |      0 |      0 |    143 |   1 |  193.0 |
       Dungeon |    193 |    193 |      0 |      0 |    143 |   1 |  193.0 |
               +--------+--------+--------+--------+--------+-----+--------+

Top non-repeatable levels by time:
     D:1: 193 daAuts
